 Dungeon Crawl Stone Soup version 0.20-a0-426-gc811625 (webtiles) character file.

8713 Kriby the Thaumaturge (level 11, -4/68 HPs)
             Began as a Mummy Fire Elementalist on Dec 31, 2016.
             Was a Priest of Sif Muna.
             Slain by a yak (13 damage)
             ... on level 9 of the Dungeon.
             The game lasted 00:30:05 (14766 turns).

Kriby the Thaumaturge (Mummy Fire Elementalist)    Turns: 14766, Time: 00:30:05

Health: -4/68      AC:  6    Str: 12    XL:     11   Next: 13%
Magic:  30/42      EV: 12    Int: 18    God:    Sif Muna [***...]
Gold:   634        SH:  0    Dex: 12    Spells: 20/35 levels left

rFire  . . .     SeeInvis .     b - staff of power
rCold  . . .     Gourm    .     i - +0 robe
rNeg   + + +     Faith    .     (no shield)
rPois  ∞         Spirit   .     (no helmet)
rElec  .         Reflect  .     j - +0 cloak
rCorr  .         Harm     .     m - +2 pair of gloves
MR     +....                    (no boots)
Stlth  +++.......               (no amulet)
                                s - ring of fire
                                f - ring of stealth

@: about to teleport
A: no food or potions, fire vulnerability, cold resistance 1, negative energy
resistance 3, torment resistance, unbreathing
a: Divine Energy, Channel Magic, Renounce Religion


You were on level 9 of the Dungeon.
You worshipped Sif Muna.
Sif Muna was most pleased with you.
You were not hungry.

You visited 2 branches of the dungeon, and saw 10 of its levels.
You also visited: Ossuary.

You collected 634 gold pieces.

Inventory:

Hand Weapons
 a - a +4 quarterstaff
 c - a +0 hand axe
 q - a +2 scythe of flaming
Missiles
 d - 600 stones (quivered)
 l - 3 javelins
Armour
 i - a +0 robe (worn)
 j - a +0 cloak (worn)
 m - a +2 pair of gloves (worn)
Magical Staves
 b - an uncursed staff of power (weapon)
Jewellery
 f - a ring of stealth (left hand)
 s - a ring of fire (right hand)
Wands
 n - a wand of iceblast (9/15)
 o - a wand of confusion (15/48)
 p - a wand of digging (17/24)
 t - a wand of polymorph (17/24)
Scrolls
 g - 2 scrolls of identify
 h - 2 scrolls of amnesia
 k - 6 scrolls of teleportation
 r - a scroll of noise {unknown}
 u - 3 scrolls of remove curse
Books
 e - a book of Flames

   Spells                             Type                      Level
   a - Flame Tongue                   Conjuration/Fire             1
   b - Throw Flame                    Conjuration/Fire             2
   c - Conjure Flame                  Conjuration/Fire             3
   d - Inner Flame                    Hexes/Fire                   3
   e - Sticky Flame                   Conjuration/Fire             4
   f - Fireball                       Conjuration/Fire             5


   Skills:
 - Level 1.5 Dodging
 - Level 1.5 Stealth
 + Level 12.5 Spellcasting
 + Level 8.3 Conjurations
 + Level 8.6 Fire Magic


You had 20 spell levels left.
You knew the following spells:

 Your Spells              Type           Power        Failure   Level  Hunger
a - Flame Tongue          Conj/Fire      #####        1%          1    N/A
b - Conjure Flame         Conj/Fire      ######..     1%          3    N/A
c - Sticky Flame          Conj/Fire      ######..     1%          4    N/A
d - Throw Flame           Conj/Fire      ######       1%          2    N/A
e - Fireball              Conj/Fire      ######....   6%          5    N/A

Dungeon Overview and Level Annotations

Branches:
Dungeon (9/15)             Temple (1/1) D:7             Orc (0/2) D:9
   Lair: D:8-11

Altars:
Ashenzari
Cheibriados
Dithmenos
Elyvilon
Fedhas
Gozag
Hepliaklqana
Kikubaaqudgha
Makhleb
Nemelex Xobeh
Okawaru
Qazlal
Ru
Sif Muna
Trog
Uskayaw
Vehumet
Xom
Yredelemnul
Zin
The Shining One


Innate Abilities, Weirdness & Mutations

You do not eat or drink.
Your flesh is vulnerable to fire.
You are immune to poison.
Your flesh is cold resistant. (rC+)
You are immune to negative energy. (rN+++)
You are immune to unholy pain and torment.
You can survive without breathing.


Message History

Casting: Flame Tongue
Confirm with . or Enter, or press ? or * to list all spells.
Aiming: Flame Tongue
Press: ? - help, Shift-Dir - straight line, f/p - yak
Aim: a yak (heavily wounded)
You feel a surge of power!
The flame tongue hits the yak.
The yak is severely wounded.
Casting: Flame Tongue
Confirm with . or Enter, or press ? or * to list all spells.
Aiming: Flame Tongue
Press: ? - help, Shift-Dir - straight line, f/p - yak
Aim: a yak (severely wounded)
You feel a surge of power!
The flame tongue hits the yak.
The yak is severely wounded.
The yak gores you! The yak gores you.
As you read the scroll of teleportation, it crumbles to dust.
You feel strangely unstable. The yak gores you. The yak gores you!
* * * LOW HITPOINT WARNING * * *
The yak gores you!
You die...

.........)
#..........######
#..........'. #...
..........#
##...######........#
....#....#(.......#
...#....#........#
#.Y#...Y#........####+#
#..#..@)Y.......†......
#Y†######...######.....
#......Y....# #..>..
#......Y....# #.....
############# #.....
#..... ######


You could see 2 yaks.

Vanquished Creatures
  Erica (D:8)
  2 two-headed ogres
  Prince Ribbit (D:8)
  Grinder (D:3)
  2 hippogriffs (D:8)
  Sigmund (D:6)
  4 hogs (D:8)
  A human (D:8)
  7 yaks
  A wyvern (D:8)
  2 hungry ghosts (D:9)
  An ice beast (D:7)
  3 orc warriors
  A sky beast (D:5)
  A black bear (D:6)
  A necrophage (D:5)
  2 ogres
  2 phantoms
  A centaur (D:7)
  A crocodile (D:9)
  7 big kobolds
  A bullfrog (D:8)
  A water moccasin zombie (D:6)
  A scorpion (D:8)
  A troll zombie (D:9)
  4 wights (D:7)
  2 howler monkeys
  2 crimson imps
  A bullfrog zombie (D:6)
  2 bullfrog skeletons
  2 hounds
  8 orc wizards
  A human zombie (Ossuary)
  3 orc priests
  2 jellies
  A centaur skeleton (D:7)
  Ijyb (D:2)
  An iguana (D:7)
  6 worker ants
  A big kobold zombie (Ossuary)
  6 ogre zombies (D:9)
  2 hound zombies
  A hound skeleton (D:8)
  4 mummies (Ossuary)
  Robin (D:3)
  20 gnolls
  12 adders
  2 shadow imps (D:7)
  2 oozes
  3 adder zombies
  An adder skeleton (D:7)
  A worm (D:2)
  A dart slug (D:1)
  6 leopard geckos
  36 orcs
  A ball python (D:7)
  6 giant cockroaches
  25 goblins
  23 hobgoblins
  19 jackals
  71 kobolds
  8 bats
  5 frilled lizards
  A goblin skeleton (D:9)
  3 goblin zombies (D:9)
  6 hobgoblin zombies
  3 jackal zombies
  3 kobold zombies (Ossuary)
  A leopard gecko skeleton (D:4)
  3 orc skeletons (D:9)
  10 orc zombies (D:9)
  A quokka zombie (D:6)
  8 rats
  A rat zombie (Ossuary)
380 creatures vanquished.

Notes
Turn   | Place    | Note
-------+----------+-------------------------------------------
     0 | D:1      | Kriby the Mummy Fire Elementalist began the quest for the Orb.
     0 | D:1      | Reached XP level 1. HP: 13/13 MP: 4/4
    77 | D:1      | Reached skill level 3 in Spellcasting
   489 | D:1      | Reached XP level 2. HP: 8/19 MP: 0/6
  1158 | D:1      | Reached skill level 4 in Spellcasting
  1741 | D:1      | Reached XP level 3. HP: 24/24 MP: 2/8
  2251 | D:2      | Reached skill level 5 in Spellcasting
  2331 | D:2      | Learned a level 3 spell: Conjure Flame
  2673 | D:2      | Reached XP level 4. HP: 30/30 MP: 2/11
  2894 | D:2      | Noticed Ijyb
  2909 | D:2      | Killed Ijyb
  2909 | D:2      | Reached skill level 6 in Spellcasting
  3230 | D:2      | Reached skill level 1 in Conjurations
  3593 | D:3      | Noticed Grinder
  3614 | D:3      | Reached XP level 5. HP: 35/35 MP: 4/13
  3889 | D:3      | Noticed Robin
  3908 | D:3      | Killed Robin
  4717 | D:3      | Reached XP level 6. HP: 41/41 MP: 12/15
  4723 | D:3      | Paralysed by Grinder for 4 turns
  4737 | D:3      | Killed Grinder
  4737 | D:3      | Reached skill level 7 in Spellcasting
  4743 | D:3      | Learned a level 4 spell: Sticky Flame
  4746 | D:3      | Learned a level 2 spell: Throw Flame
  5430 | D:3      | Learned a level 5 spell: Fireball
  5690 | D:3      | Reached XP level 7. HP: 46/46 MP: 9/17
  6829 | D:4      | Reached skill level 8 in Spellcasting
  6829 | D:4      | Reached XP level 8. HP: 52/52 MP: 10/20
  7803 | D:4      | Found a sparkling altar of Nemelex Xobeh.
  7913 | D:4      | Found a white marble altar of Elyvilon.
  7914 | D:4      | Found a hide-covered altar of Uskayaw.
  8052 | D:5      | Entered Level 5 of the Dungeon
  8819 | D:5      | Reached skill level 5 in Fire Magic
  8964 | D:5      | Reached skill level 5 in Conjurations
  9295 | D:5      | Reached skill level 9 in Spellcasting
  9633 | D:6      | Noticed a two-headed ogre
  9649 | D:6      | Killed a two-headed ogre
  9649 | D:6      | Reached XP level 9. HP: 57/57 MP: 5/22
 10168 | D:6      | Noticed Sigmund
 10180 | D:6      | Killed Sigmund
 10180 | D:6      | Reached skill level 10 in Spellcasting
 11063 | D:7      | Found a sand-covered staircase.
 11128 | Ossuary  | Entered an ossuary
 11595 | D:7      | Reached XP level 10. HP: 63/63 MP: 24/24
 11782 | D:7      | Reached skill level 11 in Spellcasting
 11962 | D:7      | Found a staircase to the Ecumenical Temple.
 11970 | Temple   | Entered the Ecumenical Temple
 12155 | Temple   | Became a worshipper of Sif Muna the Loreminder
 12980 | D:8      | Reached * piety under Sif Muna
 12984 | D:8      | Noticed Erica
 12994 | D:8      | Killed Erica
 13421 | D:8      | Noticed a two-headed ogre
 13434 | D:8      | Killed a two-headed ogre
 13434 | D:8      | Reached ** piety under Sif Muna
 13434 | D:8      | Reached skill level 12 in Spellcasting
 13512 | D:8      | Found a white marble altar of Elyvilon.
 13560 | D:8      | Noticed Prince Ribbit
 13569 | D:8      | Killed Prince Ribbit
 14071 | D:9      | Reached XP level 11. HP: 68/68 MP: 27/27
 14382 | D:9      | Found a staircase to the Orcish Mines.
 14475 | D:9      | Reached *** piety under Sif Muna
 14503 | D:9      | Got a dazzling leather armour
 14504 | D:9      | Identified the cursed +0 leather armour of Sahetof {Str+2 Dex+2} (You found it on level 9 of the Dungeon)
 14766 | D:9      | Slain by a yak

Vault maps used:
D:1:      lightli_arrival_windingriver, minmay_misc_feat_chi
D:2:      kennysheep_generic_room_6, uniq_iyjb
D:3:      minmay_goblin_kobold_castle, first_bread, minivault_27, uniq_robin,
          uniq_grinder
D:4:      corexii_shantytown, gammafunk_temple_overflow_pools,
          minmay_misc_feat_x, nemelex_diamond_rough_becter
D:6:      uniq_sigmund
D:7:      enter_ossuary_5
D:8:      basic_altar, grunt_livestock, uniq_erica, uniq_prince_ribbit1
D:9:      cheibrodos_elevator_heist, old_standard_altar, zombieorc2_lemuel,
          roderic_serpentine_path, uniq_maurice
Temple:   eino_narrow_crystal_temple
Ossuary:  ossuary_minmay_tomb_2a

Skill      XL: |  1  2  3  4  5  6  7  8  9 10 |
---------------+-------------------------------+-----
Spellcasting   | 3 4 5 6 7 8 9 10 12 | 12.5
Conjurations   | 1 2 3 4 5 6 8 |  8.3
Fire Magic     | 3 4 6 7 8 |  8.6
Dodging        | |  1.5
Stealth        | |  1.5

Action                   |  1- 3 |  4- 6 |  7- 9 | 10-12 || total
-------------------------+-------+-------+-------+-------++-------
Melee: Unarmed           |     8 |       |       |       ||     8
       Hand axe          |    18 |    10 |       |       ||    28
       Quarterstaff      |       |    14 |     9 |     6 ||    29
Throw: Stone             |     5 |    28 |     7 |     4 ||    44
 Cast: Flame Tongue      |    83 |   163 |   423 |   229 ||   898
       Conjure Flame     |     1 |     5 |    23 |    26 ||    55
       Throw Flame       |       |       |     6 |    56 ||    62
       Sticky Flame      |       |       |     5 |     7 ||    12
       Fireball          |       |       |       |     7 ||     7
Evoke: Wand              |       |       |     5 |     4 ||     9
  Use: Scroll            |       |       |    14 |     5 ||    19
Armor: Robe              |     9 |    24 |    39 |     7 ||    79
Dodge: Dodged            |    57 |    87 |    90 |    17 ||   251
